 Dungeon Crawl Stone Soup version 0.21.0 (webtiles) character file.

42 tidbits the Sneak (level 3, -4/14 HPs)
             Began as a Felid Air Elementalist on Jan 7, 2018.
             Was an Initiate of Ashenzari.
             Slain by a bullfrog skeleton (5 damage)
             ... on level 4 of the Dungeon.
             The game lasted 00:04:17 (602 turns).

tidbits the Sneak (Felid Air Elementalist)           Turns: 602, Time: 00:04:17

Health: -4/14      AC:  1    Str:  5    XL:     3   Next: 35%
Magic:  5/7        EV: 18    Int: 16    God:    Ashenzari [......]
Gold:   36         SH:  0    Dex: 16    Spells: 5/6 levels left
                                        Lives:  0   Deaths: 0

rFire    . . .     SeeInvis +     - Unarmed
rCold    . . .     Gourm    .   (shield unavailable)
rNeg     . . .     Faith    .   (armour unavailable)
rPois    .         Spirit   .   (helmet unavailable)
rElec    .         Reflect  .   (cloak unavailable)
rCorr    .         Harm     .   (gloves unavailable)
MR       .....                  (boots unavailable)
Stlth    +++.......             (no amulet)
HPRegen  0.04/turn              g - ring of flight (curse)
MPRegen  0.10/turn              (no ring)

@: quick
A: very small, no armour, no weapons or thrown items, stealth, claws 1, fangs 3,
see invisible, carnivore, speed 1, shaggy fur 1, slow metabolism 1, sharp paws
a: Curse Item, Renounce Religion, Evoke Flight


You were on level 4 of the Dungeon.
You worshipped Ashenzari.
Ashenzari was noncommittal.
You were not hungry.

You visited 1 branch of the dungeon, and saw 5 of its levels.

You collected 36 gold pieces.

Inventory:

Missiles
 c - 34 arrows
Jewellery
 g - a cursed ring of flight (left paw)
   (You found it on level 3 of the Dungeon)
Scrolls
 f - a scroll of remove curse
 h - a scroll of identify {unknown}
Books
 a - a book of Air

   Spells                             Type                      Level
   a - Shock                          Conjuration/Air              1
   b - Swiftness                      Charms/Air                   2
   c - Static Discharge               Conjuration/Air              3
   d - Airstrike                      Air                          4
   e - Lightning Bolt                 Conjuration/Air              5
Comestibles
 b - a ration


   Skills:
 - Level 2.6 Dodging
 + Level 3.3 Stealth
 * Level 2.7 Unarmed Combat
 - Level 2.0 Spellcasting
 - Level 0.8 Conjurations
 - Level 2.6 Air Magic


You had 5 spell levels left.
You knew the following spells:

 Your Spells              Type           Power        Failure   Level  Hunger
a - Shock                 Conj/Air       #...         10%         1    #......


Dungeon Overview and Level Annotations

Branches:
Dungeon (5/15)
 Temple: D:4-7

Altars:
Ashenzari
Elyvilon


Innate Abilities, Weirdness & Mutations

You cannot wear armour.
You are incapable of wielding weapons or throwing items.
Your paws allow you to move quietly. (Stealth)
You have sharp claws.
You have razor-sharp teeth.
You have supernaturally acute eyesight. (SInv)
You are carnivorous and can eat meat at any time.
You cover ground quickly.
You are covered in fur. (AC +1)
You have a slow metabolism.
Your sharp claws are effective at attacking unaware monsters.


Message History

You swing at nothing.
You swing at nothing.
You swing at nothing.
You swing at nothing.
You swing at nothing.
You swing at nothing.
You swing at nothing.
You swing at nothing.
You swing at nothing.
You swing at nothing.
You swing at nothing.
You swing at nothing.
You swing at nothing.
You swing at nothing.
You swing at nothing.
You swing at nothing.
You swing at nothing.
You swing at nothing.
You swing at nothing.
You swing at nothing.
You swing at nothing.
You swing at nothing.
You swing at nothing.
You swing at nothing.
You swing at nothing.
You swing at nothing.
You swing at nothing.
You swing at nothing.
You hear the slow rusting of a very distant drain.
You swing at nothing.
You swing at nothing.
You swing at nothing.
You swing at nothing.
You swing at nothing.
You swing at nothing.
You swing at nothing.
You swing at nothing.
You swing at nothing.
You swing at nothing.
You swing at nothing.
You swing at nothing.
You swing at nothing.
You swing at nothing.
You swing at nothing.
You swing at nothing.
You swing at nothing.
You swing at nothing.
You swing at nothing.
You swing at nothing.
You swing at nothing.
You swing at nothing.
You swing at nothing.
You swing at nothing.
You swing at nothing.
You swing at nothing.
You swing at nothing.
You swing at nothing.
You swing at nothing.
You swing at nothing.
Wield which item (- for none, * to show all)? (? for menu, Esc to quit)
Your mouth is now empty.
Found a stone staircase leading down.
You hear the slow rusting of a very distant drain.
There is a stone staircase leading down here.
You climb downwards.
You hear the hiss of flowing sand.
There is an entrance to an ossuary on this level.
Hurry and find it before the portal is buried!
You have a vision of a gate.
There is a stone staircase leading up here.
You climb upwards.
You hear the sound of rushing water.
There is an entrance to a sewer on this level.
Hurry and find it before the portal rusts away!
There is a stone staircase leading down here.
A quokka comes into view.
Found a stone staircase leading down.
A bullfrog skeleton comes into view.
Found an uncursed club.
Casting: Shock
Confirm with . or Enter, or press ? or * to list all spells.
Aiming: Shock
Press: ? - help, Shift-Dir - straight line The zap hits the bullfrog skeleton.
The bullfrog skeleton is lightly damaged.
The zap hits the bullfrog skeleton.
The bullfrog skeleton is lightly damaged.
Casting: Shock
Confirm with . or Enter, or press ? or * to list all spells.
Aiming: Shock
Press: ? - help, Shift-Dir - straight line The zap misses the bullfrog skeleton.
The zap hits the bullfrog skeleton.
The bullfrog skeleton is moderately damaged.
The bullfrog skeleton hits you.
* * * LOW HITPOINT WARNING * * *
You aren't carrying any potions.
Unknown command.
You scratch the bullfrog skeleton.
You bite the bullfrog skeleton, but do no damage.
The bullfrog skeleton is moderately damaged.
The bullfrog skeleton hits you.
You die...

#####...# #.#r#
#.#.# #.#Z##
####.#..#
######....##.##
#.........##..#
#........####.#
#.........@Zr.##
#........###...# #
#........###.#.##
#
#..........#...>#
#
#..........######
# #..........#
#######..........#
.................#
........####.....#


You could see a quokka and a bullfrog skeleton.

Vanquished Creatures
  A worker ant (D:4)
  An orc (D:3)
  2 giant cockroaches
  2 goblins
  A hobgoblin (D:2)
  A kobold (D:3)
  A quokka (D:2)
  3 bats
  4 frilled lizards (D:3)
  A rat (D:3)
17 creatures vanquished.

Vanquished Creatures (others)
  A plant (D:3)
1 creature vanquished.

Grand Total: 18 creatures vanquished

Notes
Turn   | Place    | Note
-------+----------+-------------------------------------------
     0 | D:1      | tidbits the Felid Air Elementalist began the quest for the Orb.
     0 | D:1      | Reached XP level 1. HP: 7/7 MP: 4/4
    29 | D:1      | Reached skill level 1 in Unarmed Combat
   126 | D:3      | Reached XP level 2. HP: 4/11 MP: 6/6
   164 | D:3      | Noticed a phantom
   230 | D:2      | Found a shattered altar of Ashenzari.
   238 | D:2      | Became a worshipper of Ashenzari the Shackled
   249 | D:2      | Reached skill level 2 in Unarmed Combat
   260 | D:2      | Found a white marble altar of Elyvilon.
   471 | D:4      | Reached skill level 3 in Stealth
   471 | D:4      | Reached XP level 3. HP: 9/14 MP: 0/7
   494 | D:4      | HP: 1/14 [poisoned by a worker ant]
   569 | D:5      | Entered Level 5 of the Dungeon
   601 | D:4      | HP: 1/14 [bullfrog skeleton (5)]
   602 | D:4      | Slain by a bullfrog skeleton

Skill      XL: |  1  2 |
---------------+-------+-----
Unarmed Combat | 1 2 |  2.7
Stealth        | 3 |  3.3
Dodging        | |  2.6
Spellcasting   | |  2.0
Conjurations   | |  0.8
Air Magic      | |  2.6

Action                   || total
-------------------------++-------
Melee: Unarmed           ||    33
       Bite              ||     3
 Cast: Shock             ||    16
Invok: Curse Item        ||     1
  Use: Potion            ||     2
 Stab: Sleeping          ||     3
Armor: Skin              ||     3
Dodge: Dodged            ||    40

Table legend:
 A = Turns spent in this place as a percentage of turns spent in the entire game.
 B = Non-inter-level travel turns spent in this place as a percentage of non-inter-level travel turns spent in the entire game.
 C = Inter-level travel turns spent in this place as a percentage of turns spent in this place.
 D = Turns resting spent in this place as a percentage of non-inter-level travel turns spent in this place.
 E = Turns spent auto-exploring this place as a percentage of non-inter-level travel turns spent in this place.
 F = Non-inter-level travel turns spent in this place divided by the number of levels of this place that you've seen.
                   A       B       C       D       E      F
               +-------+-------+-------+-------+-------+----------------------
         Total | 100.0 | 100.0 |   0.0 |   0.0 |   0.2 | 120.4
       Dungeon | 100.0 | 100.0 |   0.0 |   0.0 |   0.2 | 120.4
               +-------+-------+-------+-------+-------+----------------------

Table legend:
 A = Kills in this place as a percentage of kills in entire the game.
 B = Kills by you in this place as a percentage of kills by you in the entire game.
 C = Kills by friends in this place as a percentage of kills by friends in the entire game.
 D = Other kills in this place as a percentage of other kills in the entire game.
 E = Experience gained in this place as a percentage of experience gained in the entire game.
 F = Experience gained in this place divided by the number of levels of this place that you have seen.
                   A       B       C       D       E      F
               +-------+-------+-------+-------+-------+----------------------
         Total | 100.0 | 100.0 |   N/A |   N/A | 100.0 |  12.2
       Dungeon | 100.0 | 100.0 |   N/A |   N/A | 100.0 |  12.2
               +-------+-------+-------+-------+-------+----------------------

Vault maps used:
D:1:      eino_arrival_water_star
D:2:      overflow_temple_1_default, evilmike_ruin_ashenzari
D:3:      cheibrodos_old_hovel, nicolae_overflow_crystal_walls, first_ration,
          supply_closet_lemuel, uniq_sigmund
D:4:      portal_sewer_entry_b
D:5:      vehumet_statue, chequers_ossuary_entry_cave
